 Dungeon Crawl Stone Soup version 0.25.1-2-g60ff931df9 (webtiles) character file.

Game seed: 13349532053133325536

30 Chiseanne the Magician (level 3, 20/24 HPs)
             Began as a Demonspawn Wizard on Oct 8, 2020.
             Quit the game on level 2 of the Dungeon.
             The game lasted 00:01:18 (1519 turns).

Chiseanne the Magician (Demonspawn Wizard)          Turns: 1519, Time: 00:01:19

Health: 20/24      AC:  3    Str:  7    XL:     3   Next: 3%
Magic:  0/8        EV: 12    Int: 20    God:
Gold:   31         SH:  0    Dex: 11    Spells: 8/9 levels left

rFire    . . .     SeeInvis .   r - +0 mace
rCold    . . .     Gourm    .   (no shield)
rNeg     . . .     Faith    .   a - +0 robe
rPois    .         Spirit   .   b - +0 hat
rElec    .         Reflect  .   (no cloak)
rCorr    .         Harm     .   (no gloves)
MR       .....                  (no boots)
Stlth    ++........             (no amulet)
HPRegen  0.08/turn              (no ring)
MPRegen  0.11/turn              (no ring)

@: mildly poisoned (20 -> 18), very slightly contaminated
A: claws 1, rugged brown scales 1
a: no special abilities


You were on level 2 of the Dungeon.
You were not hungry.

You visited 1 branch of the dungeon, and saw 2 of its levels.

You collected 31 gold pieces.

Inventory:

Hand Weapons
 r - a +0 mace (weapon)
Missiles
 c - 23 arrows
 h - 34 stones (quivered)
 j - 22 sling bullets
 o - 13 poisoned darts
Armour
 a - a +0 robe (worn)
 b - a +0 hat (worn)
Jewellery
 p - an uncursed ring of stealth {unknown}
Scrolls
 f - 2 scrolls of teleportation {unknown}
 g - 2 scrolls of noise {unknown}
 l - 2 scrolls of identify {unknown}
 n - 2 scrolls of enchant armour {unknown}
 q - a scroll of magic mapping {unknown}
Potions
 e - a potion of heal wounds {unknown}
 i - a potion of ambrosia {unknown}
 k - 2 potions of curing {unknown}
 m - a potion of resistance {unknown}
Comestibles
 d - 5 rations
 s - 2 chunks of flesh


   Skills:
 - Level 1.7 Dodging
 - Level 1.7 Stealth
 * Level 3.5 Spellcasting
 * Level 2.2 Conjurations
   Level 1.0 Summonings
   Level 0.8 Translocations


You had 8 spell levels left.
You knew the following spells:

 Your Spells              Type           Power        Failure   Level  Hunger
a - Magic Dart            Conj           ##..         5%          1    None

Your spell library contained the following spells:

 Spells                   Type           Power        Failure   Level  Hunger
 Blink                    Tloc           N/A          14%         2    ##.....
 Call Imp                 Summ           #.......     14%         2    ##.....
 Slow                     Hex            #.......     21%         2    ##.....
 Conjure Flame            Conj/Fire      #.......     26%         3    ###....
 Mephitic Cloud           Conj/Pois/Air  #.......     30%         3    ###....


Dungeon Overview and Level Annotations

Branches:
Dungeon (2/15)

Altars:


Innate Abilities, Weirdness & Mutations

You have sharp fingernails.
You are partially covered in rugged brown scales. (AC +1, +3% HP)


Message History

The magic dart hits the adder but does no damage.
The adder is almost dead.
The adder bites you.
You are poisoned.
The adder poisons you!
Casting: Magic Dart (safe; 6% risk of failure)
Confirm with . or Enter, or press ? or * to list all spells.
You don't have enough magic to cast that spell.
Casting: Magic Dart (safe; 6% risk of failure)
Confirm with . or Enter, or press ? or * to list all spells.
You don't have enough magic to cast that spell.
You hit the adder.
You kill the adder!
You have reached level 3!
Your experience leads to an increase in your attributes!
Increase (s)trength, (i)ntelligence, or (d)exterity?
You feel clever.
Your demonic ancestry asserts itself...
Your fingernails lengthen.
You feel sick.
Are you sure you want to abandon this character and quit the game? (Confirm with "yes".)

#..>..... #.#..
#.#....## ....
#.#.#### ...#
#..÷.#### #..#
#..#....#
###..####
##...##.#
.......# ##.## #
#.†##.# #.#
###.@##.# #<#
#.......#######.#
#...............#
#.......#########
#.......#
#.......#
#........
#.......##
###..##.#


There were no monsters in sight!

Vanquished Creatures
  An adder (D:2)
  2 dart slugs
  A ball python (D:2)
  A giant cockroach (D:2)
  2 goblins (D:1)
  2 hobgoblins
  2 bats
  2 frilled lizards (D:1)
  4 kobolds (D:1)
  2 rats
19 creatures vanquished.

Notes
Turn   | Place    | Note
-------+----------+-------------------------------------------
     0 | D:1      | Chiseanne the Demonspawn Wizard began the quest for the
                  | Orb.
     0 | D:1      | Reached XP level 1. HP: 13/13 MP: 4/4
   463 | D:1      | Gained mutation: You are partially covered in rugged brown
                  | scales. (AC +1, +3% HP) [demonic ancestry]
   463 | D:1      | Reached XP level 2. HP: 4/19 MP: 1/6
  1518 | D:2      | Gained mutation: You have sharp fingernails. [demonic
                  | ancestry]
  1518 | D:2      | Reached XP level 3. HP: 21/24 MP: 0/8
  1519 | D:2      | Quit the game

Illustrated notes

Levels and vault maps discovered:
D:1:      dpeg_arrival_simpleton_c, layout_basic
D:2:      layout_loops_ring, chequers_ecumenical_altar_island, first_ration

Skill      XL: |  1  2 |
---------------+-------+-----
Conjurations   | 2 |  2.2
Dodging        | |  1.7
Stealth        | |  1.7
Spellcasting   | |  3.5
Summonings     | |  1.0
Translocations | |  0.8

Action                   || total
-------------------------++-------
Melee: Club              ||    15
       Mace              ||     1
 Cast: Magic Dart        ||    41
  Eat: Chunk             ||     2
Armor: Robe              ||     3
Dodge: Dodged            ||    14
